 Dungeon Crawl Stone Soup version 0.29-a0-542-g075992c915 (webtiles) character file.

Game seed: 8901707593879546841

1228 croobank the Cudgeller (level 9, -5/75 HPs)
             Began as a Meteoran Fighter on June 2, 2022.
             Slain by Duvessa
             ... wielding a +2 vampiric short sword
              (8 damage)
             ... on level 6 of the Dungeon on June 3, 2022.
             The game lasted 00:35:05 (2998 turns).

croobank the Cudgeller (Meteoran Fighter)           Turns: 2998, Time: 00:35:07

Health: -5/75      AC:  9    Str: 26    XL:     9   Next: 5%
Magic:  6/10       EV:  9    Int: 10    God:
Gold:   190        SH:  6    Dex: 16    Spells: 8/8 levels left

rFire   . . .      SeeInvis .   v - +0 hand axe
rCold   . . .      Faith    .   c - +0 buckler
rNeg    . . .      Spirit   .   b - +0 scale mail
rPois   .          Reflect  .   q - +0 helmet
rElec   .          Harm     .   (no cloak)
rCorr   +          Rampage  .   (no gloves)
Will    +....                   (no boots)
Stlth   ..........              B - amulet of regeneration
HPRegen 1.02/turn               z - +6 ring of strength
MPRegen 0.12/turn               x - ring of resist corrosion

@: about to teleport, glowing
A: sense surroundings 2, otherworldly, glowing, explore regen, MP-powered wands
a: no special abilities


You were on level 6 of the Dungeon.
You visited 1 branch of the dungeon, and saw 6 of its levels.

You collected 210 gold pieces.
You spent 20 gold pieces at shops.

Inventory:

Hand Weapons
 a - a +0 flail
 f - a +0 spear
 g - a +0 dagger
 m - a +0 hunting sling
 s - a +2 rapier of speed
 v - a +0 hand axe (weapon)
 w - a +1 vorpal falchion
 C - a +0 vampiric scythe
Missiles
 e - 9 poisoned darts (quivered)
 h - 73 stones
Armour
 b - a +0 scale mail (worn)
 c - a +0 buckler (worn)
 l - a +0 ring mail
 q - a +0 helmet (worn)
 y - the +0 ring mail "Soufebua" {Regen+ MP+9 Int-3}
   (You found it on level 4 of the Dungeon)

   Int:       It affects your intelligence (-3).
   MP:        It affects your magic capacity (+9).
   Regen:     It increases your rate of health regeneration.
 A - a +2 robe of fire resistance
Jewellery
 i - a ring of magical power
 x - a ring of resist corrosion (right hand)
 z - a +6 ring of strength (left hand)
 B - an amulet of regeneration (around neck)
Wands
 D - a wand of paralysis (6)
Potions
 d - a potion of magic
 k - 2 potions of attraction
 n - a potion of curing
 o - a potion of brilliance
 t - 2 potions of mutation
 E - a potion of berserk rage {unknown}


   Skills:
 - Level 5.7 Fighting
 + Level 3.4 Short Blades
 + Level 7.6 Maces & Flails
 - Level 6.3 Armour
 - Level 6.2 Shields


You had 8 spell levels left.
You didn't know any spells.
Your spell library contained the following spells:

 Spells                   Type           Power      Damage    Failure   Level
 Ensorcelled Hibernation  Hex/Ice        0%         N/A       83%         2
 Spider Form              Tmut/Pois      0%         N/A       97%         3
 Anguish                  Hex/Necr       0%         N/A       100%        4


Dungeon Overview and Level Annotations

Branches:
Dungeon (6/15)
 Temple: D:4-7

Altars:

Shops:
D:2 ?

Annotations:
D:6 Duvessa, Maggie


Innate Abilities, Weirdness & Mutations

You passively map the area around you.
You are easily found by Zot.
You glow in the dark.
You regain HP and MP as you explore.
You expend magic power (3 MP) to strengthen your wands.


Message History

* * * LOW HITPOINT WARNING * * *
Duvessa draws strength from your wounds!
The necrophage barely misses you.
You hit Duvessa but do no damage.
Duvessa is severely wounded.
You hit the necrophage.
You destroy the necrophage!
You block Duvessa's attack. Duvessa barely misses you.
Your life force feels restored.
You hit Duvessa.
Duvessa is almost dead.
You block Duvessa's attack. Duvessa closely misses you.
You closely miss Duvessa.
Duvessa is almost dead.
You block Duvessa's attack.
Duvessa hits you with a +2 vampiric short sword.
* * * LOW HITPOINT WARNING * * *
Duvessa draws strength from your wounds!
You barely miss Duvessa.
Duvessa is almost dead.
Duvessa hits you with a +2 vampiric short sword.
* * * LOW HITPOINT WARNING * * *
Duvessa draws strength from your wounds!
Duvessa hits you with a +2 vampiric short sword!
* * * LOW HITPOINT WARNING * * *
Duvessa draws strength from your wounds!
Okay, then.
Okay, then.
Aiming: Paralyse
Press: ? - help, Shift-Dir - straight line, f - Duvessa
Aim: Duvessa, wielding a +2 vampiric short sword, wearing a +0 leather armour of willpower and carrying a wand of polymorph (10) (heavily wounded, berserk, chance to affect: 9%)
Okay, then.
You feel better. Duvessa misses you.
As you read the scroll of teleportation, it crumbles to dust.
You feel strangely unstable.
Duvessa hits you with a +2 vampiric short sword!
* * * LOW HITPOINT WARNING * * *
Duvessa draws strength from your wounds!
Duvessa hits you with a +2 vampiric short sword!
You die...

, ,, ,,,,, * ,, ,
,..>* ......# ,, ,..
,........ ,, * ,, *,
, #.# ........ ,, ,
##..###.....# , , ,
,,,, .#..........##
,, .............# ,,
, ,, ,
.............#..,,*,
, ,
......)@.#......, *,
* ...#....e......#
,* ,, , * ,
....!...†).##..# , ,
, ...........# ,, ,,
.##.###...... , ,*
#. ,........, , ,, ,
, . ........## ,, ,
, , . .$....... , ,
, ........... ,


You could see Duvessa (berserk).

Vanquished Creatures
  Sigmund (D:5)
  Menkaure (D:5)
  An ice beast (D:5)
  A black bear (D:5)
  An ogre (D:4)
  A kobold brigand (D:4)
  A bullfrog (D:5)
  2 necrophages (D:6)
  2 scorpions (D:4)
  Dowan (D:6)
  A hound (D:5)
  3 iguanas
  An orc priest (D:5)
  4 adders
  A white imp (D:5)
  An ufetubus (D:5)
  2 dart slugs
  8 orcs
  9 ball pythons
  8 bats
  2 endoplasms
  2 giant cockroaches
  4 goblins
  7 hobgoblins
  2 quokkas (D:2)
  A frilled lizard (D:3)
  5 kobolds
  7 rats
80 creatures vanquished.

Notes
Turn   | Place    | Note
-------+----------+-------------------------------------------
     0 | D:1      | croobank the Meteoran Fighter began the quest for the Orb.
     0 | D:1      | Reached XP level 1. HP: 19/19 MP: 2/2
   115 | D:1      | Reached XP level 2. HP: 16/26 MP: 3/3
   242 | D:1      | Reached skill level 3 in Maces & Flails
   431 | D:1      | Upgraded the game from 0.29-a0-529-gfa20dd96a1 to
                  | 0.29-a0-541-gaf1fc19f1b
   490 | D:1      | Glimpsed the power of Zot.
   540 | D:1      | Glimpsed the power of Zot.
   551 | D:2      | Upgraded the game from 0.29-a0-541-gaf1fc19f1b to
                  | 0.29-a0-542-g075992c915
   584 | D:2      | Reached XP level 3. HP: 27/31 MP: 4/4
   741 | D:2      | Found Ibrerchia's Magic Scroll Boutique.
   746 | D:2      | Bought a scroll of identify for 20 gold pieces
   902 | D:2      | Reached XP level 4. HP: 39/40 MP: 5/5
  1073 | D:2      | Glimpsed the power of Zot.
  1347 | D:3      | Reached XP level 5. HP: 39/46 MP: 6/6
  1683 | D:3      | Glimpsed the power of Zot.
  1707 | D:4      | Reached skill level 4 in Maces & Flails
  1839 | D:4      | Reached XP level 6. HP: 31/53 MP: 7/7
  2054 | D:4      | Identified the +0 ring mail "Soufebua" {Regen+ MP+9 Int-3}
  2087 | D:4      | Reached skill level 5 in Armour
  2087 | D:4      | Reached skill level 5 in Shields
  2292 | D:4      | Reached XP level 7. HP: 43/60 MP: 8/8
  2293 | D:4      | Glimpsed the power of Zot.
  2294 | D:4      | Gained mutation: You expend magic power (3 MP) to
                  | strengthen your wands. [potion of mutation]
  2307 | D:4      | Reached skill level 5 in Fighting
  2307 | D:4      | Reached skill level 5 in Maces & Flails
  2317 | D:5      | Entered Level 5 of the Dungeon
  2712 | D:5      | Noticed Sigmund
  2718 | D:5      | Killed Sigmund
  2719 | D:5      | Reached XP level 8. HP: 69/69 MP: 9/9
  2818 | D:5      | Reached skill level 6 in Maces & Flails
  2871 | D:5      | Reached skill level 1 in Short Blades
  2904 | D:5      | Glimpsed the power of Zot.
  2941 | D:6      | Noticed Duvessa
  2941 | D:6      | Noticed Dowan
  2941 | D:6      | Noticed Menkaure
  2948 | D:6      | Noticed Maggie
  2956 | D:5      | Killed Menkaure
  2957 | D:5      | Reached skill level 7 in Maces & Flails
  2989 | D:6      | Killed Dowan
  2990 | D:6      | Gained mutation: You passively map the area around you.
                  | [Meteoran growth]
  2990 | D:6      | Reached XP level 9. HP: 32/73 MP: 5/10
  2996 | D:6      | HP: 3/75 [Duvessa/+2 vampiric short sword (11)]
  2998 | D:6      | Slain by Duvessa

Illustrated notes

Levels and vault maps discovered:
D:1:      roderic_octagonal_star, layout_basic, minmay_indecisive_spiral
D:2:      layout_basic, serial_shops, nicolae_shop_hallway_plus
D:3:      layout_basic, shapermc_ecumenical_altar_pompeii
D:4:      layout_cave_pools
D:5:      layout_basic, minmay_temple_entry_junction,
          chequers_serial_rivers_room_a, hangedman_abyss_or_decor_stagger,
          kennysheep_flooded_box, kb_lookout_dungeons_type, uniq_sigmund
D:6:      layout_cave_pools, uniq_maggie, uniq_duvessa, uniq_menkaure,
          uniq_blork_the_orc, uniq_edmund

Skill      XL: |  1  2  3  4  5  6  7  8 |
---------------+-------------------------+-----
Maces & Flails | 3 4 5 7 |  7.6
Armour         | 4 5 6 |  6.3
Shields        | 4 5 6 |  6.2
Fighting       | 4 5 |  5.7
Short Blades   | 3 |  3.4

Action                   |  1- 3 |  4- 6 |  7- 9 || total
-------------------------+-------+-------+-------++-------
Melee: Flail             |    89 |     7 |       ||    96
       Rapier            |       |   107 |    86 ||   193
       Hand axe          |       |       |    24 ||    24
Evoke: Wand              |       |       |     5 ||     5
  Use: Scroll            |     5 |     4 |     5 ||    14
       Potion            |       |       |     5 ||     5
 Stab: Paralysed         |       |       |     3 ||     3
Armor: Scale mail        |    64 |    47 |    28 ||   139
       Skin              |       |       |    35 ||    35
Dodge: Dodged            |    52 |    21 |    42 ||   115
Block: Buckler           |    24 |    33 |    47 ||   104

Table legend: (Time is in decaauts)
 A = Elapsed time spent in this place.
 B = Non-inter-level travel time spent in this place.
 C = Inter-level travel time spent in this place.
 D = Time resting spent in this place.
 E = Time spent auto-exploring this place.
 F = Levels seen in this place.
 G = Mean time per level.
                   A        B        C        D        E       F      G
               +--------+--------+--------+--------+--------+-----+--------+
         Total |   2992 |   2921 |     71 |    164 |   1292 |   6 |  498.7 |
       Dungeon |   2992 |   2921 |     71 |    164 |   1292 |   6 |  498.7 |
               +--------+--------+--------+--------+--------+-----+--------+

Top non-repeatable levels by time:
     D:5: 620 daAuts
     D:4: 611 daAuts
     D:3: 588 daAuts
     D:2: 565 daAuts
     D:1: 556 daAuts
     D:6: 49 daAuts
